Map: Ultralove

Players

chepo - Winner!

  • Race: Terran Terran
  • League: Silver
  • Spawn Location: 1:00

iPlayDefense

  • Race: Terran Terran
  • League: Silver
  • Spawn Location: 7:00

VOD

Have the link to the VOD?

Description

Time

  • Played on: April 17, 2025, 7:02 p.m.
  • Length: 29:32
Show
View Real Time Build Order
Export as new Build Order

chepo Terran - Winner!

Build Orders:  

Get SALT Encoding   

  12  0:13  SCV  
  13  0:20  Supply Depot  
  13  0:25  SCV  
  13  0:27  Refinery  
  14  0:37  SCV  
  15  0:45  Barracks  
  15  0:49  SCV  
  16  1:01  SCV  
  17  1:12  Supply Depot  
  17  1:13  SCV  
  19  1:25  SCV  
  19  1:30  Refinery  
  19  1:33  Barracks  
  19  1:35  Barracks Reactor  
  19  2:01  Orbital Command  
  19  2:11  Marine  
  19  2:12  Marine  
  19  2:13  Engineering Bay  
  21  2:27  Factory  
  21  2:29  Marine x2  
  22  2:31  SCV  
  24  2:43  SCV  
  25  2:45  Barracks Tech Lab  
  25  2:47  Supply Depot  
  25  2:55  SCV  
  26  3:00  Marine x2  
  28  3:07  SCV  
  28  3:10  Supply Depot  
  29  3:16  Starport  
  29  3:19  SCV  
  30  3:29  Factory Tech Lab  
  30  3:31  SCV  
  31  3:37  Missile Turret  
  31  3:43  SCV  
  32  3:54  Starport Reactor  
  33  3:55  SCV  
  33  3:56  Supply Depot  
  33  3:57  Fusion Core  
  33  3:59  Missile Turret  
  33  4:07  SCV  
  34  4:12  Marine x2  
  36  4:19  SCV  
  37  4:31  Missile Turret  
  37  4:33  Hi-Sec Auto Tracking  
  37  4:35  Liberator  
  40  4:52  Command Center  
  40  4:55  Missile Turret  
  40  4:58  Liberator  
  43  5:07  Marine x2  
  45  5:26  SCV  
  46  5:29  Bunker  
  46  5:30  Neosteel Armor  
  46  5:35  Medivac  
  48  5:38  SCV, Marine x3  
  52  5:50  SCV, Missile Turret  
  52  5:56  Marine  
  54  6:00  Bunker  
  54  6:07  Refinery  
  54  6:13  Missile Turret  
  54  6:30  Refinery  
  51  6:33  Liberator x2  
  51  6:38  SCV  
  58  6:41  Orbital Command  
  58  6:50  SCV  
  59  7:02  SCV  
  57  7:14  SCV  
  58  7:16  Liberator x2  
  58  7:22  Missile Turret  
  64  7:25  SCV  
  64  7:26  SCV  
  64  7:28  Siege Tank  
  69  7:30  Marine  
  70  7:44  Missile Turret  
  70  7:47  SCV, Marine x2  
  70  7:48  Marine  
  74  7:56  Supply Depot  
  74  7:59  SCV  
  74  8:05  Marine x2  
  77  8:06  Marine  
  77  8:11  SCV  
  79  8:19  Supply Depot  
  79  8:23  SCV, Marine x2  
  79  8:26  Liberator x2  
  82  8:34  Marine  
  82  8:40  SCV  
  84  8:43  Supply Depot  
  84  8:53  SCV  
  85  9:07  Supply Depot  
  85  9:08  Bunker  
  85  9:09  Liberator x2  
  85  9:31  Supply Depot  
  85  9:39  Missile Turret  
  85  9:40  Bunker  
  85  9:42  Marine x2  
  85  9:43  Marine  
  88  9:49  Siege Tank  
  88  9:52  Viking x2  
  95  9:54  Supply Depot  
  95  9:56  SCV  
  96  10:00  Marine x2  
  96  10:01  Missile Turret  
  98  10:08  SCV  
  98  10:12  Bunker  
  96  10:16  Supply Depot  
  96  10:20  SCV  
  94  10:22  Viking x2  
  94  10:23  Missile Turret  
  98  10:40  Starport  
  98  10:43  Bunker  
  98  10:52  Viking x2  
  97  11:18  Starport  
  97  11:19  Starport Reactor  
  97  11:21  Terran Infantry Armor Level 1  
  97  11:22  Viking x2  
  101  11:29  Armory  
  99  11:51  Viking, Bunker  
  99  11:52  Viking  
  99  11:53  Bunker  
  103  11:55  Marine x3  
  106  12:01  Missile Turret, Command Center  
  106  12:10  Siege Tank  
  106  12:13  Marine x3  
  112  12:18  Armory  
  112  12:23  Missile Turret  
  112  12:30  Marine  
  112  12:31  Marine x2  
  112  12:34  Starport Tech Lab  
  115  12:38  SCV  
  115  12:42  Siege Tank  
  113  12:47  Missile Turret  
  113  12:48  Marine x2  
  113  12:50  SCV, Marine  
  117  12:59  Liberator  
  117  13:02  SCV  
  121  13:06  Marine x2  
  121  13:07  Missile Turret  
  121  13:08  Marine  
  121  13:10  Bunker  
  124  13:14  SCV, Siege Tank  
  124  13:16  Planetary Fortress, Terran Infantry Weapons Level 1  
  128  13:20  Refinery  
  128  13:24  Marine x2  
  128  13:26  Marine  
  131  13:30  Missile Turret  
  131  13:31  Terran Vehicle And Ship Armor Level 1  
  131  13:32  Terran Vehicle Weapons Level 1  
  131  13:40  Bunker  
  131  13:44  Missile Turret  
  131  13:46  Refinery  
  131  13:49  Missile Turret  
  124  14:13  Missile Turret  
  124  14:20  Missile Turret  
  124  14:24  Missile Turret  
  124  14:28  SCV  
  125  14:36  Missile Turret  
  125  14:40  SCV  
  125  14:43  Missile Turret  
  126  14:47  Missile Turret  
  126  14:49  Siege Tank  
  126  14:52  SCV  
  130  15:02  Missile Turret  
  130  15:10  Missile Turret  
  130  15:11  SCV  
  131  15:15  Battlecruiser  
  131  15:18  Viking  
  139  15:23  SCV  
  139  15:25  Terran Ship Weapons Level 1  
  140  15:28  Missile Turret  
  140  15:30  Siege Tank  
  143  15:35  SCV  
  144  15:51  Missile Turret  
  144  15:53  Terran Vehicle Weapons Level 2  
  144  15:55  Command Center  
  143  16:19  Battlecruiser  
  143  16:20  Missile Turret  
  149  16:35  SCV  
  149  16:39  Missile Turret  
  150  16:47  SCV  
  150  16:53  Command Center  
  151  16:59  SCV  
  151  17:01  Missile Turret  
  152  17:04  Viking x2  
  156  17:11  SCV  
  157  17:19  Terran Vehicle And Ship Armor Level 2  
  157  17:24  Missile Turret  
  157  17:38  Missile Turret  
  157  17:46  Supply Depot  
  157  17:53  SCV  
  157  17:58  Viking x3  
  164  17:59  Missile Turret  
  164  18:01  Marine  
  164  18:04  Marine, Viking x2  
  170  18:06  Orbital Command  
  170  18:09  Supply Depot, Terran Ship Weapons Level 2  
  170  18:18  Missile Turret  
  170  18:19  Marine  
  171  18:20  Sensor Tower  
  165  18:35  Supply Depot  
  165  18:38  Missile Turret  
  165  18:52  Missile Turret  
  165  18:53  Siege Tank, Marine x2, Missile Turret  
  165  18:54  Marine, Missile Turret  
  165  18:55  Missile Turret  
  171  18:57  Missile Turret  
  171  18:59  Missile Turret  
  171  19:00  Supply Depot  
  171  19:11  Marine x3  
  171  19:16  Missile Turret  
  174  19:21  Missile Turret  
  174  19:22  Refinery  
  174  19:24  Refinery  
  174  19:25  Siege Tank  
  174  19:26  Missile Turret  
  174  19:27  Missile Turret  
  174  19:28  Missile Turret  
  177  19:43  Sensor Tower  
  177  19:46  Missile Turret  
  177  19:48  Orbital Command, Bunker  
  177  19:51  Refinery  
  177  19:52  Viking x5  
  187  20:14  Refinery  
  187  20:23  Battlecruiser  
  193  20:32  Terran Vehicle Weapons Level 3  
  193  20:33  Terran Vehicle And Ship Armor Level 3  
  193  20:35  Terran Infantry Weapons Level 2  
  193  21:27  Missile Turret  
  193  21:47  Missile Turret  
  193  21:55  Weapon Refit  
  193  22:00  Missile Turret  
  193  22:03  Missile Turret  
  193  22:05  Missile Turret  
  193  22:07  Missile Turret x2  
  193  22:21  Missile Turret  
  193  22:25  Missile Turret  
  193  22:26  Missile Turret  
  192  22:43  Missile Turret  
  192  22:45  Missile Turret  
  192  22:51  Terran Infantry Armor Level 2  
  192  22:53  Missile Turret x2  
  192  22:54  Missile Turret  
  192  22:55  Missile Turret  
  192  22:57  Missile Turret x2  
  192  23:00  Missile Turret  
  192  23:14  Missile Turret  
  192  23:15  Factory  
  192  23:47  Battlecruiser  
  198  24:00  Factory  
  186  24:26  Viking x4  
  194  24:45  Factory Reactor  
  194  24:51  Viking  
  196  24:52  Missile Turret  
  196  24:56  Viking x2  
  200  25:12  Missile Turret  
  199  25:31  Missile Turret  
  193  25:51  Missile Turret  
  176  26:10  Missile Turret  
  176  26:19  Battlecruiser  
  174  26:31  Missile Turret  
  174  26:35  Missile Turret  
  174  26:40  Widow Mine x2  
  174  26:42  Factory Reactor  
  178  26:49  Marine x3  
  178  26:51  Missile Turret  
  181  26:54  Missile Turret  
  181  26:59  Siege Tank  
  184  27:01  Widow Mine  
  184  27:02  Widow Mine  
  184  27:06  Marine  
  184  27:07  Marine x2  
  191  27:11  Missile Turret  
  191  27:15  Missile Turret  
  191  27:19  Command Center  
  191  27:23  Widow Mine x2  
  191  27:24  Marine x2  
  191  27:25  Marine  
  198  27:34  Command Center  
  198  27:42  Marine x2  
  199  28:35  Sensor Tower  
  199  28:40  Missile Turret x3  
  199  28:42  Missile Turret  
  199  28:46  Missile Turret x2  
Show
View Real Time Build Order
Export as new Build Order

iPlayDefense Terran 

Build Orders:  

Get SALT Encoding   

  12  0:00  SCV  
  13  0:15  Supply Depot  
  13  0:18  SCV  
  14  0:26  Refinery  
  14  0:30  SCV  
  15  0:42  SCV  
  16  0:46  Barracks  
  16  0:54  SCV  
  17  1:06  SCV  
  18  1:12  Supply Depot  
  18  1:18  SCV  
  19  1:34  Barracks Reactor  
  19  1:36  Orbital Command  
  19  1:59  Barracks  
  19  2:03  Barracks  
  19  2:04  SCV  
  20  2:11  Marine x2  
  20  2:13  Refinery  
  22  2:16  SCV  
  23  2:29  Marine x2  
  25  2:40  SCV  
  26  2:47  Barracks Tech Lab, Marine x2  
  28  2:52  SCV  
  29  2:58  Barracks Tech Lab  
  29  3:00  Factory  
  29  3:04  SCV  
  29  3:05  Marine  
  31  3:21  Combat Shield  
  31  3:22  Command Center  
  31  3:25  Stimpack  
  31  3:46  Supply Depot  
  31  4:01  Factory Tech Lab  
  31  4:07  Marine x4  
  35  4:14  Supply Depot  
  35  4:25  Marine x4  
  39  4:33  Siege Tank  
  39  4:36  Orbital Command  
  39  4:37  Supply Depot  
  42  4:42  Marine x2  
  44  4:55  SCV  
  44  4:59  Supply Depot, Marine x2  
  47  5:05  Siege Tank  
  50  5:07  SCV  
  51  5:17  Supply Depot  
  51  5:19  SCV  
  52  5:23  SCV  
  52  5:24  Marine x2  
  55  5:31  SCV  
  55  5:35  SCV  
  57  5:40  Supply Depot  
  57  5:43  SCV  
  57  5:45  Barracks  
  57  5:47  SCV  
  57  5:49  Refinery  
  59  5:50  Refinery, Barracks  
  59  6:01  Supply Depot  
  59  6:02  Supply Depot  
  58  6:22  Starport  
  54  6:29  SCV  
  54  6:30  SCV  
  54  6:37  Barracks Reactor  
  54  6:38  Barracks Reactor  
  54  6:42  SCV x2  
  56  6:54  SCV x2  
  51  7:12  Marine x4  
  51  7:13  Marine x4  
  59  7:21  SCV x2  
  61  7:30  Marine x4  
  61  7:31  Marine x2  
  61  7:33  SCV x2  
  69  7:43  Siege Tank  
  72  7:48  Marine x4  
  76  7:57  Supply Depot  
  76  8:00  Engineering Bay  
  76  8:05  Marine  
  76  8:06  Marine x3  
  79  8:15  Siege Tank  
  79  8:19  Supply Depot  
  72  8:24  Marine x2, Starport Reactor  
  69  8:43  SCV x2  
  71  8:55  SCV x2  
  73  9:00  Medivac  
  73  9:01  Medivac  
  77  9:07  SCV x2  
  74  9:19  SCV x2  
  72  9:31  SCV x2  
  73  9:35  Cyclone  
  77  9:44  SCV  
  77  9:45  SCV  
  79  9:47  Marine x6  
  79  9:48  Marine x2  
  87  9:56  SCV  
  88  10:08  Cyclone  
  81  10:29  SCV x2  
  81  10:30  Marine x5  
  81  10:31  Marine x3  
  81  10:34  Medivac x2  
  95  10:40  Cyclone  
  95  10:41  SCV x2  
  97  11:04  Medivac  
  63  11:12  Marine  
  63  11:13  Marine x7  
  71  11:30  Marine  
  71  11:31  Marine x7  
  76  11:33  Siege Tank  
  76  11:37  Medivac  
  81  11:45  Supply Depot  
  81  11:48  Marine x2  
  81  11:49  Supply Depot, Marine x6  
  89  12:06  Siege Tank, Marine x7  
  99  12:11  Mag-Field Accelerator  
  99  12:27  SCV  
  99  12:28  SCV  
  101  12:38  Siege Tank  
  101  12:40  SCV x2  
  106  12:52  SCV x2  
  108  13:04  SCV x2  
  110  13:10  Siege Tank  
  113  13:16  Supply Depot, SCV x2  
  113  13:17  Command Center  
  113  13:19  Supply Depot, Terran Infantry Weapons Level 1  
  115  13:33  Viking x2  
  119  13:42  Siege Tank  
  64  14:03  Marine x8, Viking x2  
  76  14:21  Marine x8  
  84  14:33  Viking x2  
  84  14:35  SCV x2  
  90  14:47  SCV x2  
  92  14:58  Armory  
  92  14:59  SCV  
  94  15:00  SCV  
  94  15:03  Viking x2  
  98  15:11  SCV  
  98  15:12  SCV  
  98  15:13  Terran Infantry Armor Level 1  
  100  15:19  Refinery  
  100  15:21  Refinery  
  100  15:23  SCV  
  100  15:24  SCV  
  102  15:33  Viking x2  
  106  15:50  SCV  
  106  15:51  SCV  
  106  15:55  Thor  
  114  16:03  SCV x2, Viking x2  
  120  16:15  SCV x2  
  122  16:33  Viking x2  
  122  16:38  Thor  
  128  16:55  Terran Vehicle Weapons Level 1  
  128  17:04  Starport  
  128  17:07  Hi-Sec Auto Tracking  
  128  17:10  Starport  
  128  17:19  Planetary Fortress  
  128  17:21  Thor  
  134  17:23  Viking  
  134  17:24  Viking  
  138  17:44  Marine  
  138  17:45  Marine x7  
  146  17:53  Viking  
  146  17:54  Viking  
  150  18:02  Marine x2  
  150  18:03  Marine x6, Thor  
  150  18:04  Neosteel Armor  
  164  18:20  Marine x8  
  164  18:23  Viking  
  172  18:38  Marine  
  173  18:43  Command Center  
  173  18:47  Refinery  
  173  18:48  Refinery  
  173  18:49  Terran Vehicle And Ship Armor Level 1  
  173  19:03  Supply Depot  
  173  19:22  Supply Depot  
  173  19:24  Marine x3  
  173  19:25  Viking  
  173  19:26  Supply Depot  
  178  19:43  Thor  
  178  19:44  Terran Infantry Weapons Level 2  
  184  19:49  Supply Depot  
  184  20:14  Missile Turret  
  184  20:26  Thor  
  184  20:27  SCV  
  184  20:28  SCV  
  192  20:35  Missile Turret  
  192  20:40  SCV x2  
  194  20:43  Terran Ship Weapons Level 1  
  194  20:56  Missile Turret  
  175  21:08  Starport Tech Lab x2  
  175  21:09  Thor  
  178  21:51  Thor  
  184  22:34  Thor  
  190  23:13  Planetary Fortress  
  190  23:17  Thor  
  195  23:57  Factory  
  195  24:00  Thor  
  192  24:04  SCV x2  
  189  24:16  SCV x2  
  186  24:28  SCV x2  
  188  24:40  SCV x2  
  188  24:42  Factory  
  188  24:43  Thor  
  196  24:52  SCV x2  
  198  25:04  SCV  
  170  26:12  Factory Tech Lab x2  
  150  26:46  SCV x2  
  152  26:58  SCV x2  
  154  27:06  Thor  
  154  27:07  Thor x2  
  172  27:10  SCV  
  172  27:14  Viking x4  
  181  27:44  Viking x4  
  183  27:49  Thor  
  195  27:58  Refinery x2  
  195  27:59  Command Center  
Tags
 
Matchup
TvT
Race
Terran
Replay Pack
DaveSC2
Spawn Locations
Cross Positions
Add a new tag
Caveats
  • Supply blocks, unpowered buildings, or Contaminate may cause inaccurate times.
  • Supply counts are checked every 10 seconds.